 Dungeon Crawl Stone Soup version 0.28.0-43-g3370ac3207 (webtiles) character file.

Game seed: 2404755040700391880

197 hjr the Ducker (level 6, -5/40 HPs)
             Began as a Djinni Fire Elementalist on Mar 22, 2022.
             Slain by an ogre
             ... wielding a +0 giant spiked club
              (29 damage)
             ... on level 3 of the Dungeon.
             The game lasted 00:09:23 (3237 turns).

hjr the Ducker (Djinni Fire Elementalist)           Turns: 3237, Time: 00:09:24

Health: -5/40      AC:  3    Str:  7    XL:     6   Next: 5%
Gold:   64         EV: 13    Int: 18    God:
                   SH:  5    Dex: 14

rFire   + + .      SeeInvis .   j - +0 dagger
rCold   x . .      Faith    .   (no shield)
rNeg    . . .      Spirit   .   a - +0 robe
rPois   ∞          Reflect  +   k - +0 helmet
rElec   .          Harm     .   (no cloak)
rCorr   .          Rampage  .   (no gloves)
Will    .....                   (boots unavailable)
Stlth   ++........              p - amulet of reflection
HPRegen 0.13/turn               (no ring)
MPRegen 0.00/turn               (no ring)

@: flying
A: sickness immunity, fire resistance 2, cold vulnerability 1, float, innate
caster, HP casting, extra vitality 1
a: no special abilities


You were on level 3 of the Dungeon.
You visited 1 branch of the dungeon, and saw 3 of its levels.

You collected 64 gold pieces.

Inventory:

Hand Weapons
 g - a +0 club
 h - a +0 whip
 j - a +0 dagger (weapon)
Armour
 a - a +0 robe (worn)
 k - a +0 helmet (worn)
Jewellery
 p - an amulet of reflection (around neck)
 r - a ring of protection from fire
Wands
 l - a wand of mindburst (14)
Scrolls
 b - a scroll of noise {unknown}
 c - a scroll of enchant armour {unknown}
 e - 4 scrolls of teleportation {unknown}
 i - 2 scrolls of identify {unknown}
 q - a scroll of vulnerability {unknown}
Potions
 d - 2 potions of degeneration {unknown}
 f - a potion of brilliance {unknown}
 m - a potion of heal wounds {unknown}
 n - a potion of might
 o - a potion of attraction {unknown}


   Skills:
 + Level 4.0 Dodging
 + Level 3.2 Stealth
 + Level 3.4 Spellcasting


You couldn't memorise any spells.
You knew the following spells:

 Your Spells              Type           Power      Damage    Failure   Level
a - Foxfire               Conj/Fire      60%        2x1d7     3%          1
b - Scorch                Fire           30%        2d7       6%          2
c - Conjure Flame         Conj/Fire      15%        6-21      12%         3
d - Inner Flame           Hex/Fire       15%        N/A       12%         3
e - Flame Wave            Conj/Fire      15%        2d6       36%         4
f - Apportation           Tloc           30%        N/A       3%          1
g - Passwall              Tmut/Erth      12%        N/A       6%          2
Your spell library was empty.

Dungeon Overview and Level Annotations

Branches:
Dungeon (3/15)

Altars:
Makhleb
Nemelex Xobeh


Innate Abilities, Weirdness & Mutations

You are immune to sickness and miasma.
You are immune to poison.
Your flesh is very heat resistant. (rF++)
You are vulnerable to cold. (rC-)
You float through the air rather than walking.
You learn spells naturally, not from books.
Your magical power is your life essence.
You have superior vitality. (+4 MHP)


Message History

A goblin comes into view. It is wielding a +0 dagger.
An ogre comes into view. It is wielding a +0 giant spiked club.
The goblin shouts!
The ogre shouts!
You hit the goblin.
The goblin is severely wounded.
Casting: Scorch (safe; 6% risk of failure)
Confirm with . or Enter, or press ? or * to list all spells.
Flames lash the goblin.
You kill the goblin!
Casting: Scorch (safe; 6% risk of failure)
Confirm with . or Enter, or press ? or * to list all spells.
You miscast Scorch.
You are very lightly contaminated with residual magic.
Nothing appears to happen.
Casting: Scorch (safe; 6% risk of failure)
Confirm with . or Enter, or press ? or * to list all spells.
Okay, then.
Casting: Scorch (safe; 6% risk of failure)
Confirm with . or Enter, or press ? or * to list all spells.
Flames lash the ogre.
The ogre is moderately wounded.
The ogre's fire resistance burns away.
You hear a shout!
The ogre closely misses you.
The ogre is no longer more vulnerable to fire.
Your magical contamination has completely faded away.
Casting: Scorch (safe; 6% risk of failure)
Confirm with . or Enter, or press ? or * to list all spells.
Aiming: Passwall (safe; 6% risk of failure)
Press: ? - help, Dir - move target A rock wall.
You begin to meditate on the wall.
You continue meditating on the rock.
The ogre hits you with a +0 giant spiked club!
You continue meditating on the rock.
The ogre misses you.
You continue meditating on the rock.
The ogre hits you with a +0 giant spiked club!!
Ouch! That really hurt!
You die...

######.##..#........#.###....#...
.....#.##..#.#...#......^....#..#
###......)...#........####...#.##
..#.###.#..###.#...#### #...#.#
#.#.##.#....#.......# #...#.+
#.#.#.###......##...######...#.
.....## ##..#.###..............
..#.## ##.#.##...............
.###.## ##..#.##@O......)......
.# ##.###.#.#.##.#..######.....
.#####.#....#.......# ...
..#...._########.#### . ...###.##
#.# .....#.# #####.# ...#.#.##
#.....# ........# #.#####
.#.#.##.# #.#


You could see an ogre.

Vanquished Creatures
  A centaur (D:3)
  4 gnolls (D:2)
  3 adders
  A dart slug (D:1)
  10 ball pythons
  4 bats
  3 endoplasms
  3 giant cockroaches
  10 goblins
  4 hobgoblins
  3 quokkas
  3 frilled lizards
  4 kobolds (D:1)
  A rat (D:3)
54 creatures vanquished.

Vanquished Creatures (others)
  93 foxfires
93 creatures vanquished.

Grand Total: 147 creatures vanquished

Notes
Turn   | Place    | Note
-------+----------+-------------------------------------------
     0 | D:1      | hjr the Djinni Fire Elementalist began the quest for the
                  | Orb.
     0 | D:1      | Reached XP level 1. HP: 15/15 MP: 0/0
   187 | D:1      | Reached XP level 2. HP: 18/21 MP: 0/0
   712 | D:1      | Reached XP level 3. HP: 18/25 MP: 0/0
   712 | D:1      | Learned a level 1 spell: Apportation
  1419 | D:2      | Reached skill level 3 in Dodging
  1419 | D:2      | Reached XP level 4. HP: 24/31 MP: 0/0
  2158 | D:2      | Reached XP level 5. HP: 28/35 MP: 0/0
  2158 | D:2      | Learned a level 2 spell: Passwall
  2824 | D:3      | Noticed a centaur
  2830 | D:3      | Killed a centaur
  2831 | D:3      | Reached skill level 4 in Dodging
  2831 | D:3      | Reached XP level 6. HP: 15/40 MP: 0/0
  3152 | D:3      | Found a faded altar of an unknown god.
  3189 | D:3      | Found a sparkling altar of Nemelex Xobeh.
  3190 | D:3      | Found a burning altar of Makhleb.
  3221 | D:3      | Noticed an ogre
  3237 | D:3      | Slain by an ogre

Illustrated notes

Levels and vault maps discovered:
D:1:      minmay_arrival_jagged, layout_basic, lemuel_another_geyser
D:2:      layout_loops_ring
D:3:      layout_loops_cross, nicolae_overflow_ecumenical_swirl,
          mainiacjoe_overflow_divided_tiny, basic_ecumenical_altar

Skill      XL: |  1  2  3  4  5 |
---------------+----------------+-----
Stealth        | 2 3 |  3.2
Dodging        | 3 4 |  4.0
Spellcasting   | 3 |  3.4

Action                   |  1- 3 |  4- 6 || total
-------------------------+-------+-------++-------
Melee: Dagger            |       |     2 ||     2
 Cast: Foxfire           |    47 |    11 ||    58
       Scorch            |     4 |    33 ||    37
       Passwall          |       |     3 ||     3
Armor: Robe              |     2 |     3 ||     5
Dodge: Dodged            |    13 |     4 ||    17
Block: Other             |       |     2 ||     2
